 Dungeon Crawl Stone Soup version 0.22.1-1-ga44c0e5 (webtiles) character file.

280 Folque the Digger (level 6, -7/47 HPs)
             Began as a Draconian Earth Elementalist on Nov 2, 2018.
             Mangled by a gnoll
             ... wielding a +0 spear
              (9 damage)
             ... on level 4 of the Dungeon.
             The game lasted 00:09:44 (3607 turns).

Folque the Digger (Draconian Earth Elementalist)    Turns: 3607, Time: 00:09:45

Health: -7/47      AC:  6    Str: 10    XL:     6   Next: 5%
Magic:  9/12       EV: 12    Int: 18    God:
Gold:   179        SH:  0    Dex: 11    Spells: 2/13 levels left

rFire    . . .     SeeInvis .   p - +0 broad axe
rCold    . . .     Gourm    .   (no shield)
rNeg     . . .     Faith    .   (armour unavailable)
rPois    .         Spirit   .   (helmet restricted)
rElec    .         Reflect  .   (no cloak)
rCorr    .         Harm     .   (no gloves)
MR       .....                  (no boots)
Stlth    ++........             (no amulet)
HPRegen  0.15/turn              (no ring)
MPRegen  0.13/turn              (no ring)

@: lethally poisoned (-7 -> -10)
A: unfitting armour, cold-blooded, AC +6
a: no special abilities


You were on level 4 of the Dungeon.
You were not hungry.

You visited 1 branch of the dungeon, and saw 4 of its levels.

You collected 179 gold pieces.

Inventory:

Hand Weapons
 h - a +0 spear
 p - a +0 broad axe (weapon)
Missiles
 b - 123 stones (quivered)
Armour
 d - a +0 buckler
Scrolls
 e - a scroll of fog
 f - a scroll of identify
 i - a scroll of teleportation
 l - a scroll of remove curse
 m - a scroll of blinking
Potions
 g - a potion of lignification {unknown}
 k - a potion of haste {unknown}
 o - 3 potions of cancellation
Comestibles
 a - 9 chunks of flesh
 c - 11 rations


   Skills:
 + Level 1.1 Fighting
 - Level 1.7 Dodging
 - Level 1.7 Stealth
 * Level 4.1 Spellcasting
 - Level 2.0 Conjurations
 - Level 1.0 Transmutations
 * Level 4.6 Earth Magic


You had 2 spell levels left.
You knew the following spells:

 Your Spells              Type           Power        Failure   Level  Hunger
a - Sandblast             Erth           ###...       2%          1    None
b - Passwall              Tmut/Erth      ##......     7%          2    ##.....
c - Stone Arrow           Conj/Erth      ###...       11%         3    ###....
d - Lee's Rapid Deconstr  Erth           ###.......   52%         5    ######.

Your spell library contained the following spells:

 Spells                   Type           Power        Failure   Level  Hunger
 Petrify                  Tmut/Erth      ##......     41%         4    ####...


Dungeon Overview and Level Annotations

Branches:
Dungeon (4/15)
 Temple: D:4-7

Altars:


Innate Abilities, Weirdness & Mutations

Your plain brown scales are hard. (AC +6)
You cannot fit into any form of body armour.
You are cold-blooded and may be slowed by cold attacks.


Message History

You hit the worker ant but do no damage.
The worker ant bites you. The gnoll misses you.
You closely miss the gnoll.
You tail-slap the gnoll, but do no damage.
The gnoll is moderately wounded.
You closely miss the worker ant. The worker ant bites you.
You are poisoned.
The worker ant poisons you!
The gnoll hits you from afar with a spear.
The gnoll closely misses you.
The worker ant bites you but does no damage.
The gnoll hits you from afar with a spear.
* * * LOW HITPOINT WARNING * * *
The gnoll hits you!
* * * LOW HITPOINT WARNING * * *
Okay, then.
* * * LOW HITPOINT WARNING * * *
You feel sick. The worker ant barely misses you.
The gnoll hits you from afar with a spear!
You die...

.# #. ..
# .#..
...
######.#
#....g.#
#..@a.#
#...g##
#...).#
#####...
#...
.....
.....
#.##


You could see a worker ant and 2 gnolls.

Vanquished Creatures
  A scorpion (D:3)
  An orc priest (D:3)
  7 adders
  2 gnolls
  An ooze (D:1)
  2 worms (D:2)
  3 dart slugs (D:1)
  4 leopard geckos
  10 orcs (D:3)
  2 giant cockroaches (D:2)
  8 goblins
  6 hobgoblins
  5 quokkas
  6 bats
  10 frilled lizards
  9 kobolds
  26 rats
103 creatures vanquished.

Notes
Turn   | Place    | Note
-------+----------+-------------------------------------------
     0 | D:1      | Folque the Draconian Earth Elementalist began the quest for
                  | the Orb.
     0 | D:1      | Reached XP level 1. HP: 14/14 MP: 3/3
   699 | D:1      | Reached XP level 2. HP: 20/20 MP: 3/5
  1244 | D:1      | Learned a level 2 spell: Passwall
  1396 | D:1      | Reached XP level 3. HP: 22/26 MP: 6/6
  1407 | D:1      | Learned a level 3 spell: Stone Arrow
  1967 | D:2      | Reached XP level 4. HP: 33/33 MP: 0/8
  2049 | D:2      | Reached skill level 1 in Conjurations
  2753 | D:3      | Reached XP level 5. HP: 38/38 MP: 3/10
  2837 | D:3      | Learned a level 5 spell: Lee's Rapid Deconstruction
  3480 | D:3      | Reached skill level 1 in Fighting
  3484 | D:3      | Reached XP level 6. HP: 32/47 MP: 12/12
  3607 | D:4      | HP: 2/47 [poisoned by a worker ant]
  3607 | D:4      | Mangled by a gnoll

Skill      XL: |  1  2  3  4  5 |
---------------+----------------+-----
Earth Magic    | 4 |  4.6
Conjurations   | 1 2 |  2.0
Spellcasting   | 3 4 |  4.1
Fighting       | 1 |  1.1
Dodging        | |  1.7
Stealth        | |  1.7
Transmutations | |  1.0

Action                   |  1- 3 |  4- 6 || total
-------------------------+-------+-------++-------
Melee: Unarmed           |   132 |       ||   132
       Tailslap          |    15 |    14 ||    29
       Spear             |    28 |   163 ||   191
       Broad axe         |       |    55 ||    55
 Cast: Sandblast         |    15 |    24 ||    39
       Stone Arrow       |     2 |    11 ||    13
  Use: Scroll            |       |     6 ||     6
       Potion            |       |     2 ||     2
 Stab: Sleeping          |     4 |     1 ||     5
  Eat: Chunk             |     4 |     7 ||    11
Armor: Skin              |    42 |    69 ||   111
Dodge: Dodged            |    87 |   133 ||   220
